 Dungeon Crawl Stone Soup version 0.27.1-33-g824d729ab1 (webtiles) character file.

Game seed: 17093076324290905156

1102 potato4science the Chopper (level 8, -3/106 (112) HPs)
             Began as a Minotaur Fighter on Dec 15, 2021.
             Was an Initiate of Gozag.
             Slain by a red ugly thing (12 damage)
             ... on level 6 of the Dungeon.
             The game lasted 00:47:36 (6157 turns).

potato4science the Chopper (Minotaur Fighter)       Turns: 6157, Time: 00:47:38

HP:   -3/106 (112)  AC: 24    Str: 21    XL:     8   Next: 10%
MP:   6/6           EV:  2    Int:  7    God:    Gozag
Gold: 601           SH: 10    Dex: 15    Spells: 7/7 levels left

rFire    . . .     SeeInvis .   w - +0 falchion of the Shrike {flame, +Rage rC+ Dex+5}
rCold    + . .     Faith    .   c - +0 kite shield
rNeg     + + +     Spirit   .   (armour currently unavailable)
rPois    +         Reflect  .   (helmet currently unavailable)
rElec    .         Harm     .   (cloak currently unavailable)
rCorr    .         Rampage  .   (gloves currently unavailable)
Will     .....     NoTele   +   (boots currently unavailable)
Stlth    ++........             (no amulet)
HPRegen  0.27/turn              v - +4 ring of slaying
MPRegen  0.10/turn              (no ring)

@: tree-form, drained
A: stationary, stasis, torment immunity, boosted hp, (horns 2), (retaliatory
headbutt), (large bone plates 1), low mp 1, robust 1
a: Renounce Religion, Evoke Berserk Rage, Potion Petition, Call Merchant, Bribe
Branch


You were on level 6 of the Dungeon.
You worshipped Gozag.
Gozag was pleased with you.
You were a tree.
You visited 1 branch of the dungeon, and saw 6 of its levels.
You also visited: Sewer.

You collected 628 gold pieces.
You paid 27 gold pieces to Gozag.

Inventory:

Hand Weapons
 a - a +1 war axe
 g - a +2 mace of protection
 q - a +0 hunting sling
 w - the +0 falchion of the Shrike (weapon) {flame, +Rage rC+ Dex+5}
   (You found it on level 5 of the Dungeon)

   It burns those it strikes, dealing additional fire damage.
   Big, fiery blades are also staple armaments of hydra-hunters.
   Dex:       It affects your dexterity (+5).
   rC:        It protects you from cold.
   +Rage:     It lets you go berserk.
Missiles
 h - 142 stones (quivered)
 i - 110 arrows
Armour
 b - a +0 pair of gloves (melded)
 c - a +0 kite shield (worn)
 e - a +0 chain mail (melded)
Jewellery
 v - a +4 ring of slaying (left branch)
Wands
 s - a wand of flame (6)
Scrolls
 j - a scroll of teleportation
 k - a scroll of magic mapping {unknown}
 m - a scroll of identify {unknown}
 o - a scroll of torment {unknown}
 t - a scroll of enchant armour {unknown}
 x - a scroll of enchant weapon
 y - a scroll of brand weapon {unknown}
 z - a scroll of summoning {unknown}
Potions
 d - a potion of might
 l - a potion of resistance
 r - a potion of brilliance


   Skills:
 + Level 5.5 Fighting
 - Level 5.0 Long Blades
 - Level 6.0 Axes
 + Level 5.5 Armour
 - Level 3.0 Dodging
 - Level 1.0 Stealth
 + Level 5.8 Shields


You had 7 spell levels left.
You didn't know any spells.
Your spell library contained the following spells:

 Spells                   Type           Power      Damage    Failure   Level
 Foxfire                  Conj/Fire      0%         2x1d4     83%         1
 Blink                    Tloc           N/A        N/A       92%         2
 Conjure Flame            Conj/Fire      0%         6-21      99%         3
 Inner Flame              Hex/Fire       0%         N/A       99%         3
 Lesser Beckoning         Tloc           0%         N/A       99%         3
 Stone Arrow              Conj/Erth      0%         3d7       99%         3
 Animate Armour           Summ/Erth      0%         N/A       100%        4
 Manifold Assault         Tloc           0%         N/A       100%        5
 Lehudib's Crystal Spear  Conj/Erth      0%         10d2      100%        8


Dungeon Overview and Level Annotations

Branches:
Dungeon (6/15)              Sewer (visited)
 Temple: D:4-7

Altars:
Elyvilon
Gozag
Sif Muna

Annotations:
D:5 Grinder


Innate Abilities, Weirdness & Mutations

You are a tree.
Your roots penetrate the ground, keeping you stationary.
You cannot be teleported.
You are immune to unholy pain and torment.
Your maximum health is greatly increased.
Your equipment is partially melded.
((You have a pair of horns on your head.))
((You reflexively headbutt those who attack you in melee.))
((You are partially covered in large bone plates. (SH +4)))
Your magical capacity is low. (-10% MP)
You are robust. (+10% HP)


Message History

Really quaff the potion of lignification? [Y]es or [N]o only, please.
Really quaff the potion of lignification?
You turn into a tree.
Your +0 pair of gloves melds into your body.
Your +0 chain mail melds into your body.
Your roots penetrate the ground.
The red ugly thing tail-slaps you!
You are engulfed in flames!!
* * * LOW HITPOINT WARNING * * *
The kobold brigand hits you but does no damage.
You slash the red ugly thing! You burn the red ugly thing.
The red ugly thing is moderately wounded.
The red ugly thing tail-slaps you but does no damage.
You block the kobold's attack.
The kobold brigand hits you with a +0 dagger of draining.
* * * LOW HITPOINT WARNING * * *
The kobold hits you but does no damage.
The red ugly thing tail-slaps you but does no damage.
You block the kobold's attack.
The kobold brigand hits you with a +0 dagger of draining.
* * * LOW HITPOINT WARNING * * *
You hit the kobold brigand. You burn the kobold brigand.
The kobold brigand is lightly wounded.
The kobold hits you but does no damage. You block the red ugly thing's attack.
You block the kobold's attack.
The kobold brigand hits you but does no damage.
You block the kobold's attack.
You hit the kobold brigand. You burn the kobold brigand.
The kobold brigand is moderately wounded.
The red ugly thing tail-slaps you but does no damage.
You block the kobold's attack.
The kobold brigand hits you but does no damage.
You block the kobold's attack.
You hit the kobold brigand. You burn the kobold brigand.
The kobold brigand is severely wounded.
The red ugly thing tail-slaps you!
* * * LOW HITPOINT WARNING * * *
You are engulfed in flames!
You die...
Your body crumbles into a pile of gold.

##.##..# #.# #.##.......
##.###.## #.#######
###.##....... ##.# #..#
#.##....# #...#.......# ##.#
##.###.##....# #.###.#######
##.# #..##.##....#
#............ #
##.##.##....#######.####### #
#....##....#.......# #.... #
####..#.##.KK.#.......###.#..
#
...........u♣................
#
####.......K...........####..
# #.................#.# ##. #
...........##)......#.#####.
#
####.......##...............
# #.......##........####### #
#.......##.##.....# # .
#.......#.).......# # .
#.......##[##.....# ##


You could see a red ugly thing, a kobold brigand and 2 kobolds.

Vanquished Creatures
  Purgy (Sewer)
  An orc warrior (D:6)
  A phantom (D:6)
  A bullfrog (D:6)
  A gnoll sergeant (D:6)
  A water moccasin zombie (D:6)
  A wyvern skeleton (D:6)
  An orc priest (D:6)
  3 hounds
  A bullfrog skeleton (D:4)
  A jelly (D:6)
  2 iguanas (D:6)
  Ijyb (D:3)
  Terence (D:3)
  2 orc wizards (D:6)
  Natasha (D:2)
  A hound skeleton (D:5)
  7 gnolls
  8 adders
  A river rat (D:6)
  A white imp (D:6)
  2 ufetubi (D:4)
  2 adder skeletons
  A dart slug (D:1)
  4 orcs
  12 ball pythons
  7 endoplasms
  5 giant cockroaches
  4 goblins
  4 hobgoblins
  2 quokkas
  3 bats
  5 frilled lizards
  2 kobolds
  A quokka skeleton (D:4)
  3 rats
95 creatures vanquished.

Vanquished Creatures (others)
  9 plants (D:3)
9 creatures vanquished.

Grand Total: 104 creatures vanquished

Notes
Turn   | Place    | Note
-------+----------+-------------------------------------------
     0 | D:1      | potato4science the Minotaur Fighter began the quest for the
                  | Orb.
     0 | D:1      | Reached XP level 1. HP: 19/19 MP: 0/0
   159 | D:1      | Reached skill level 1 in Dodging
   299 | D:1      | Reached skill level 3 in Axes
   299 | D:1      | Reached XP level 2. HP: 26/26 MP: 1/1
   371 | D:1      | Found a faded altar of an unknown god.
   371 | D:1      | Noticed a smoke demon
   773 | D:2      | Noticed a necrophage
  1463 | D:3      | Reached XP level 3. HP: 31/31 MP: 2/2
  1510 | D:3      | Noticed Natasha
  1549 | D:2      | Killed Natasha
  1767 | D:3      | Noticed Terence
  1775 | D:3      | Killed Terence
  1776 | D:3      | Reached XP level 4. HP: 30/40 MP: 3/3
  2024 | D:3      | Reached skill level 4 in Axes
  2603 | D:3      | Found a shimmering blue altar of Sif Muna.
  2603 | D:3      | Found an opulent altar of Gozag.
  2808 | D:3      | Became a worshipper of Gozag Ym Sagoz the Greedy
  2845 | D:3      | Noticed Ijyb
  2861 | D:3      | Killed Ijyb
  2862 | D:3      | Reached skill level 1 in Stealth
  2862 | D:3      | Reached XP level 5. HP: 46/46 MP: 4/4
  3581 | D:4      | Found a white marble altar of Elyvilon.
  3591 | D:4      | Reached skill level 5 in Armour
  4101 | D:5      | Entered Level 5 of the Dungeon
  4118 | D:5      | Identified the +0 falchion of the Shrike {flame, +Rage rC+
                  | Dex+5}
  4218 | D:5      | Reached skill level 5 in Fighting
  4218 | D:5      | Reached XP level 6. HP: 51/56 MP: 5/5
  4281 | D:5      | Noticed a sky beast
  4352 | D:5      | Noticed Grinder
  4539 | D:6      | Reached skill level 5 in Shields
  4625 | D:6      | Reached skill level 5 in Axes
  4768 | D:6      | Found a glowing drain.
  4772 | Sewer    | Entered a sewer
  4949 | Sewer    | Noticed Purgy
  4968 | Sewer    | Killed Purgy
  4969 | Sewer    | Reached skill level 6 in Axes
  4969 | Sewer    | Reached XP level 7. HP: 45/61 MP: 6/6
  5215 | Sewer    | Gained mutation: Your magical capacity is low. (-10% MP)
                  | [potion of mutation]
  5215 | Sewer    | Gained mutation: You are partially covered in large bone
                  | plates. (SH +4) [potion of mutation]
  5215 | Sewer    | Gained mutation: You are robust. (+10% HP) [potion of
                  | mutation]
  5282 | D:6      | Reached skill level 1 in Long Blades
  5641 | D:6      | Reached skill level 5 in Long Blades
  5838 | D:6      | Reached XP level 8. HP: 57/75 MP: 6/6
  6112 | D:6      | Noticed a red ugly thing
  6157 | D:6      | Slain by a red ugly thing

Illustrated notes

Levels and vault maps discovered:
D:1:      lemuel_arrival_river_ford, layout_rooms,
          dreamdust_ecumenical_altar_sealed_demon
D:2:      layout_rooms, serial_aquarium, aquarium_bridge_long_separate
          [aquarium_subvault_bridge, aquarium_subvault_bridge,
          aquarium_subvault_wall, aquarium_subvault_bridge,
          aquarium_subvault_wall, aquarium_subvault_window],
          aquarium_bridge_straight [aquarium_subvault_bridge,
          aquarium_subvault_wall, aquarium_subvault_bridge,
          aquarium_subvault_balcony], aquarium_window_2, aquarium_window_2,
          aquarium_window_2, aquarium_view_2d, aquarium_view_2b,
          aquarium_pool_corner
D:3:      layout_basic, gammafunk_temple_overflow_elements,
          serial_bayou_lagoon_b, uniq_ijyb, uniq_natasha, uniq_terence
D:4:      layout_gridville, lemuel_tele_altar
D:5:      layout_cave_pools, fedhas_altar_fruit_tree, serial_column_ruins,
          column_ruins_columns_straight, column_ruins_grid_3,
          column_ruins_open_medium_water, minmay_misc_feat_alley, uniq_grinder
D:6:      layout_basic, gup_sewer_entry_bowl

Skill      XL: |  1  2  3  4  5  6  7 |
---------------+----------------------+-----
Dodging        | 1 2 3 |  3.0
Axes           | 3 4 6 |  6.0
Fighting       | 4 5 |  5.5
Armour         | 4 5 |  5.5
Shields        | 4 5 |  5.8
Stealth        | 1 |  1.0
Long Blades    | 5 |  5.0

Action                   |  1- 3 |  4- 6 |  7- 9 || total
-------------------------+-------+-------+-------++-------
Melee: War axe           |    16 |       |       ||    16
       Headbutt          |     8 |    16 |    16 ||    40
       Mace              |    47 |    80 |       ||   127
       Falchion          |       |    37 |    72 ||   109
Throw: Stone             |       |    25 |    16 ||    41
  Use: Potion            |     2 |       |     9 ||    11
       Scroll            |       |     2 |     3 ||     5
 Stab: Distracted        |       |       |     1 ||     1
Armor: Scale mail        |    28 |    49 |     1 ||    78
       Chain mail        |       |       |    10 ||    10
       Skin              |       |       |     8 ||     8
Dodge: Dodged            |    31 |    43 |    25 ||    99
Block: Kite shield       |    36 |    67 |    55 ||   158
       Rpst.: Falchion   |       |     2 |     4 ||     6
